 Dungeon Crawl Stone Soup version 0.31.0-11-ge490571c62 (webtiles) character file.

Game seed: 15461317305001224446

80 qw the Shooter (level 4, -1/22 HPs)
             Began as a Spriggan Hunter on Feb 3, 2024.
             Succumbed to Duvessa's poison
             ... on level 4 of the Dungeon.
             The game lasted 00:00:07 (2664 turns).

qw the Shooter (Spriggan Hunter)                    Turns: 2664, Time: 00:00:08

Health: -1/22      AC:  2    Str:  7    XL:     4   Next: 18%
Magic:  5/5        EV: 19    Int: 10    God:
Gold:   151        SH:  0    Dex: 20    Spells: 3/3 levels left

rFire   . . .        a - +2 shortbow
rCold   . . .        (shield currently unavailable)
rNeg    . . .        c - +0 robe
rPois   .            (helmet restricted)
rElec   .            (no cloak)
rCorr   .            (gloves unavailable)
SInv    +            (boots unavailable)
Will    .....        (no amulet)
Stlth   ++           (no ring)
HPRegen 0.23/turn    (no ring)
MPRegen 0.09/turn

%: no passive effects
@: lethally poisoned (-1 -> -33), hasted, very quick
A: very small, no large weapons, unfitting armour, see invisible, speed 3
a: no special abilities


You were on level 4 of the Dungeon.
You visited 1 branch of the dungeon, and saw 4 of its levels.

You collected 151 gold pieces.


Innate Abilities, Weirdness & Mutations

You are very small and have problems with some larger weapons.
You are too small for most types of armour.
You have supernaturally acute eyesight. (SInv)
You cover ground extremely quickly. (Speed+++)


   Skills:
 - Level 1.5 Fighting
 - Level 5.0 Ranged Weapons
 + Level 4.4 Dodging
 - Level 1.5 Stealth


You had 3 spell levels left.
You didn't know any spells.
Your spell library was empty.

Inventory:

Hand Weapons
 a - a +2 shortbow (weapon)
Armour
 c - a +0 robe (worn)
Potions
 b - a potion of cancellation
 d - a potion of enlightenment
 f - 2 potions of curing
 g - a potion of might {unknown}
 i - a potion of berserk rage {unknown}
 l - a potion of brilliance {unknown}
 m - a potion of heal wounds {unknown}

Dungeon Overview and Level Annotations

Branches:
Dungeon (4/15)
 Temple: D:4-7

Altars:
Kikubaaqudgha
Makhleb

Annotations:
D:4 Dowan, Duvessa


Message History

You kill the adder!
You climb downwards.
Level annotation: Dowan, Duvessa Your extra speed is starting to run out.
Duvessa closely misses you.
There is a stone staircase leading up here.
2581 ||| STAIRDANCE You climb upwards.
There is a stone staircase leading down here.
You climb downwards.
Level annotation: Dowan, Duvessa Duvessa misses you.
There is a stone staircase leading up here.
2585 ||| STAIRDANCE Duvessa hits you with a +5 short sword of venom!
You are poisoned.
You climb upwards.
You feel sick.
There is a stone staircase leading down here.
You start resting.
You feel yourself slow down.
You feel sick. x7
You are no longer poisoned.
HP restored.
You climb downwards.
Level annotation: Dowan, Duvessa Duvessa hits you with a +5 short sword of venom.
You are poisoned.
Duvessa hits you with a +5 short sword of venom.
You are lethally poisoned!
Dowan gestures wildly while chanting.
Dowan blinks!
There is a stone staircase leading up, spattered with blood here.
2663 ||| DRINKING potion of haste.
You feel yourself speed up.
You feel very sick.
Duvessa hits you with a +5 short sword of venom.
You are more poisoned.
Dowan barely misses you.
You shoot an arrow. The arrow hits Dowan.
Dowan is moderately wounded.
You die...

... ....... ...
...... ....
..... . .....
#...# ..
.....##...##...
...."........
#......ee.#
#......@..#
#....##...# #..
#...# # ....ยค.
.......
.....###+
.....# .######


You could see Duvessa and Dowan.

Vanquished Creatures
  3 adders
  A dart slug (D:1)
  A ribbon worm (D:2)
  An orc (D:2)
  5 endoplasms
  2 giant cockroaches
  5 goblins (D:2)
  4 hobgoblins
  6 kobolds
  6 quokkas
  2 ball pythons
  A bat (D:2)
  4 frilled lizards
  3 rats
44 creatures vanquished.

Vanquished Creatures (others)
  A human (D:3)
1 creature vanquished.

Grand Total: 45 creatures vanquished

Notes
Turn   | Place    | Note
-------+----------+-------------------------------------------
     0 | D:1      | qw the Spriggan Hunter began the quest for the Orb.
     0 | D:1      | Reached XP level 1. HP: 10/10 MP: 2/2
     0 | D:1      | 0 ||| qw: Version: 0.3-a-155-g5e7d8dd
     0 | D:1      | 0 ||| qw: Game counter: 3162
     0 | D:1      | 0 ||| qw: Melee chars always use a shield: true
     0 | D:1      | 0 ||| qw: God list: Okawaru
     0 | D:1      | 0 ||| qw: Allow faded altars: false
     0 | D:1      | 0 ||| qw: Do Orc after clearing Dungeon:15 true
     0 | D:1      | 0 ||| qw: Do second Lair branch before Depths: true
     0 | D:1      | 0 ||| qw: Lair rune preference: random
     0 | D:1      | 0 ||| qw: Goals: Normal
     0 | D:1      | 0 ||| PLANNING D:1-11
    58 | D:1      | Reached skill level 3 in Dodging
   277 | D:1      | Reached XP level 2. HP: 14/14 MP: 3/3
   362 | D:1      | Found a faded altar of an unknown god.
   855 | D:1      | 855 ||| READING scroll labelled WYETZA MIEMIBO.
   860 | D:1      | 860 ||| READING 2 scrolls labelled RYQORCHUIDY.
   861 | D:1      | 861 ||| DRINKING 2 fizzy black potions.
   862 | D:1      | 862 ||| DROPPING scroll of butterflies.
   863 | D:1      | 863 ||| DROPPING scroll of fog.
   983 | D:2      | Reached XP level 3. HP: 18/18 MP: 4/4
  1201 | D:2      | Identified the +9 spear of Aheloecu {flame, rF+ rCorr
                  | Int+3}
  1730 | D:2      | Reached skill level 5 in Ranged Weapons
  1780 | D:2      | 1780 ||| READING scroll labelled XYAH IHAMAINGENU.
  1780 | D:2      | 1780 ||| ENCHANTING +0 shortbow.
  1819 | D:3      | Found the +1 Delatra's gloves {ID++}
  1841 | D:3      | Reached XP level 4. HP: 22/22 MP: 5/5
  1888 | D:3      | 1888 ||| READING scroll of enchant weapon.
  1888 | D:3      | 1888 ||| ENCHANTING +1 shortbow.
  2014 | D:3      | Found a burning altar of Makhleb.
  2152 | D:3      | Found an ancient bone altar of Kikubaaqudgha.
  2153 | D:3      | Noticed a human
  2155 | D:3      | Killed a human
  2543 | D:3      | 2543 ||| DROPPING +6 ring of intelligence.
  2544 | D:3      | 2544 ||| READING 2 scrolls labelled NIPOOG UKUCRYCIG.
  2544 | D:3      | 2544 ||| IDENTIFYING fizzy golden potion
  2545 | D:3      | 2545 ||| READING scroll of identify.
  2545 | D:3      | 2545 ||| IDENTIFYING viscous red potion
  2546 | D:3      | 2546 ||| READING scroll labelled JAMEMO HIT QOO.
  2547 | D:3      | 2547 ||| DRINKING 2 brown potions.
  2557 | D:4      | Noticed Dowan
  2560 | D:4      | Noticed Duvessa
  2561 | D:4      | 2561 ||| STAIRDANCE
  2565 | D:4      | 2565 ||| STAIRDANCE
  2570 | D:4      | 2570 ||| STAIRDANCE
  2581 | D:4      | 2581 ||| STAIRDANCE
  2585 | D:4      | 2585 ||| STAIRDANCE
  2663 | D:4      | 2663 ||| DRINKING potion of haste.
  2663 | D:4      | HP: 3/22 [Duvessa/+5 short sword of venom (6)]
  2664 | D:4      | Succumbed to Duvessa's poison

Levels and vault maps discovered:
D:1:      eino_arrival_cavern_e, layout_loops_corners,
          hellmonk_ecumenical_altar_zigzags
D:2:      layout_basic, skrybe_limestone_x, minmay_3d_cube
D:3:      layout_basic, amcnicky_altar_gilded, tgw_kikubaaqudgha,
          chequers_serial_rivers_room_a
D:4:      layout_gridville, grunt_temple_overflow_holy_war,
          grunt_decor_resistance, kennysheep_minor_cross, uniq_duvessa,
          uniq_ijyb, uniq_crazy_yiuf_cottage

Skill      XL: |  1  2  3 |
---------------+----------+-----
Dodging        | 3 4 |  4.4
Ranged Weapons | 5 |  5.0
Fighting       | |  1.5
Stealth        | |  1.5

Action                     |  1- 3 |  4- 6 || total
---------------------------+-------+-------++-------
   Fire: Shortbow          |   109 |    15 ||   124
    Use: Scroll            |     3 |     4 ||     7
         Potion            |     1 |     2 ||     3
 Armour: Robe              |    13 |     6 ||    19
  Dodge: Dodged            |    30 |    11 ||    41

Table legend:
 A = Non-vault XP
 B = Vault XP
 C = Vault XP percentage of total XP
 D = Non-vault monster count
 E = Vault monster count
 F = Vault count percentage of total count
                 A         B        C        D         E       F
            +---------+---------+-------+---------+---------+-------
      Total |      98 |      17 |  14.8 |      41 |       3 |   6.8
            +---------+---------+-------+---------+---------+-------
        D:1 |      30 |       0 |   0.0 |      17 |       0 |   0.0
        D:2 |      48 |      17 |  26.2 |      19 |       3 |  13.6
        D:3 |      20 |       0 |   0.0 |       5 |       0 |   0.0
            +---------+---------+-------+---------+---------+-------
